AoeStats
← Janez

Arena

506473749Analyzed
4v4 RM · 17d ago on Sep 13, 2026· 35m 41s· 8 players
Game mode
Random Map
Map size
Large (8 player)
Population
200
Speed
Normal
Resources
Standard
Victory
Conquest
Starting age
Dark Age
Ending age
Imperial Age
RankedLock teamsTeams togetherTeam positionsShared explorationLock speedFull tech treeHidden civsTurbo modeCheats
Victory
Defeat
🇮🇹 Mongols · Italy
1304
+14
🇹🇷 Franks · Türkiye
1295
+14
🇵🇪 Cumans · Peru
1275
+15
🇹🇼 Poles · Taiwan
1261
+15
🇸🇪 Persians · Sweden
1409
-22
🇸🇪 Vikings · Sweden
1201
-12
🇸🇪 Romans · Sweden
1193
-12
🇸🇪 Italians · Sweden
1189
-12
Joestar
7:08 Loom
9:46 Feudal Age
20:43 Castle Age
18:48 Double-Bit Axe
19:07 Gold Mining
19:17 Horse Collar
20:18 Wheelbarrow
24:52 Hand Cart
28:11 Imperial Age
26:31 Forging
26:26 Scale Barding Armor
26:59 Gold Shaft Mining
28:08 Bloodlines
29:26 Iron Casting
29:12 Chain Barding Armor
28:15 Cavalier
31:40 Blast Furnace
32:02 Plate Barding Armor
31:30 Stone Mining
32:33 Heavy Plow
32:45 Bow Saw
37:02 Two-Man Saw
36:34 Crop Rotation
萊姆王帥帥毛
2:01 Loom
11:57 Feudal Age
13:03 Horse Collar
14:04 Forging
14:00 Scale Barding Armor
14:42 Double-Bit Axe
17:25 Bloodlines
23:22 Castle Age
24:12 Gold Mining
24:12 Stone Mining
23:45 Light Cavalry
24:26 Husbandry
24:56 Chain Barding Armor
26:26 Stone Shaft Mining
33:12 Imperial Age
31:20 Wheelbarrow
32:16 Bow Saw
32:17 Szlachta Privileges
33:19 Cavalier
Sawyer
10:53 Feudal Age
14:36 Castle Age
12:36 Double-Bit Axe
18:50 Loom
19:40 Wheelbarrow
23:49 Bow Saw
24:15 Gold Mining
28:08 Imperial Age
26:17 Forging
26:57 Scale Barding Armor
27:25 Husbandry
28:47 Gold Shaft Mining
29:40 Iron Casting
28:41 Cavalier
30:27 Conscription
33:52 Chain Barding Armor
35:15 Plate Barding Armor
34:51 Paladin
Janez
10:56 Feudal Age
12:26 Double-Bit Axe
15:21 Castle Age
14:26 Horse Collar
16:33 Bow Saw
21:13 Wheelbarrow
21:46 Heavy Plow
22:37 Hand Cart
23:47 Stone Mining
23:48 Gold Mining
24:16 Loom
24:16 Town Watch
25:43 Stone Shaft Mining
25:48 Gold Shaft Mining
29:02 Imperial Age
26:32 Fletching
26:42 Padded Archer Armor
27:23 Fortified Wall
28:04 Bodkin Arrow
28:25 Leather Archer Armor
28:59 Ballistics
28:49 Masonry
29:46 Husbandry
29:57 Bloodlines
30:12 Conscription
30:21 Town Patrol
31:34 Thumb Ring
31:54 Parthian Tactics
32:09 Bracer
34:38 Chemistry
33:45 Siege Engineers
34:14 Caravan
34:44 Coinage
34:14 Murder Holes
34:27 Elite Mangudai
Wavedash
8:22 Loom
11:00 Feudal Age
13:42 Double-Bit Axe
15:54 Horse Collar
21:30 Castle Age
20:35 Fletching
20:45 Padded Archer Armor
22:50 Crossbowman
24:23 Town Watch
25:17 Ballistics
25:14 Bodkin Arrow
25:35 Leather Archer Armor
31:14 Imperial Age
31:43 Town Patrol
31:51 Arbalester
33:12 Bracer
34:51 Chieftains
34:54 Bogsveigar
35:18 Conscription
35:10 Pikeman
35:50 Squires
35:35 Arson
35:38 Gambesons
Kaben
10:08 Feudal Age
16:17 Castle Age
22:00 Gambesons
26:15 Horse Collar
26:36 Double-Bit Axe
27:56 Fletching
28:15 Pikeman
33:38 Imperial Age
31:37 Scale Barding Armor
32:59 Bloodlines
32:50 Husbandry
33:11 Chain Barding Armor
33:34 Heavy Plow
34:18 Conscription
34:34 Plate Barding Armor
34:38 Forging
35:14 Cavalier
WennisTheMenace
10:49 Feudal Age
12:32 Loom
16:22 Castle Age
15:17 Double-Bit Axe
15:14 Horse Collar
16:21 Town Watch
16:31 Pikeman
19:31 Fletching
25:04 Wheelbarrow
30:32 Imperial Age
28:18 Bodkin Arrow
28:43 Padded Archer Armor
30:36 Leather Archer Armor
30:22 Scale Mail Armor
32:38 Ballistics
32:31 Bracer
johansoderstrom1
11:01 Feudal Age
15:59 Castle Age
14:37 Double-Bit Axe
18:49 Bow Saw
28:40 Wheelbarrow
29:26 Horse Collar
32:58 Imperial Age
31:40 Gold Mining
33:19 Ballistics
33:07 Heavy Scorpion
33:57 Ballistas
35:46 Chemistry
Connection lost

Rejoining the realm…

Still unreachable

The connection could not be restored.

Session expired

The server has moved on; the page needs a fresh start.